[Event "Romanian Team Blitz Open 2022"]
[Site "Sebes"]
[Date "2022.12.04"]
[Round "4.32"]
[White "Stefan, Iulia-Cristiana"]
[Black "Dragut, Stefan-Cristian"]
[Result "1-0"]
[ECO "C02"]
[WhiteElo "1662"]
[BlackElo "1217"]
[Annotator "NA RC COMBH"]
[PlyCount "99"]
[EventDate "2022.12.04"]
[EventType "blitz"]
[EventCountry "ROU"]
[SourceTitle "playchess.com"]
[Source "ChessBase"]
[SourceQuality "1"]
[TimeControl "180+2"]

1. e4 e6 2. d4 d5 3. e5 c5 4. c3 Nc6 5. Nf3 Qb6 6. Bd3 Bd7 7. O-O cxd4 8. Re1 dxc3 9. Nxc3 Bb4 10. a3 Bxc3 11. bxc3 Nge7 12. Rb1 Qc7 13. Bf4 O-O 14. Bg3 a6 15. Ng5 h6 16. Nf3 b5 17. Qd2 Ng6 18. h4 Nce7 19. h5 Nh8 20. Bf4 Nf5 21. g4 Ne7 22. Bxh6 Rfc8 23. Rbc1 Kf8 24. Bxg7+ Kxg7 25. Qg5+ Kf8 26. Qh6+ Ke8 27. Qxh8+ Ng8 28. Qxg8+ Ke7 29. Qg5+ Ke8 30. h6 Bc6 31. Qf6 Qe7 32. h7 Qxf6 33. exf6 Kd7 34. Ne5+ Kc7 35. Nxf7 Rf8 36. h8=Q Rxh8 37. Nxh8 Rxh8 38. f3 Rf8 39. g5 Rg8 40. f4 Be8 41. Kf2 Kd7 42. Rh1 Bg6 43. Bxg6 Rxg6 44. Rh7+ Ke8 45. Re7+ Kf8 46. Rxe6 Kf7 47. Re7+ Kf8 48. Rce1 Kg8 49. Re8+ Kh7 50. R1e7+ 1-0

[Event "Romanian Team Blitz Open 2022"]
[Site "Sebes"]
[Date "2022.12.04"]
[Round "5.1"]
[White "Szabo, Gergely-Andras-Gyula"]
[Black "Lupulescu, Constantin"]
[Result "1/2-1/2"]
[ECO "B22"]
[WhiteElo "2514"]
[BlackElo "2591"]
[Annotator "TA"]
[PlyCount "50"]
[EventDate "2022.12.04"]
[EventType "blitz"]
[EventCountry "ROU"]
[SourceTitle "playchess.com"]
[Source "ChessBase"]
[SourceQuality "1"]
[TimeControl "180+2"]

1. e4 c5 2. c3 d5 3. exd5 Qxd5 4. d4 Nf6 5. Nf3 e6 6. Be3 cxd4 7. cxd4 Bb4+ 8. Nc3 {[%emt 0:00:01] B22: Sicilian: 2 c3.} O-O 9. Bd3 b6 10. O-O Bxc3 11. bxc3 Ba6 {[%emt 0:00:01] Against c4} 12. Bxa6 Nxa6 13. Ne5 Nb8 14. c4 Qb7 15. a4 {[%emt 0:00:07][%cal Ba2a4,Ba4a5][%mdl 32] [#]} Nbd7 $146 ({Predecessor:} 15... Nc6 16. Qf3 Rfc8 17. Rfb1 Qc7 18. Nxc6 Qxc6 19. a5 Qxf3 20. gxf3 bxa5 21. c5 Nd5 22. Rxa5 {½-½ (44) Korneev,O (2609)-Potkin,V (2665) Nakhchivan 2013}) 16. Nxd7 Qxd7 17. a5 b5 18. cxb5 Qxb5 19. a6 Nd5 (19... Rab8 {simplifies} 20. Qb1 Nd5 21. Qxb5 Rxb5 22. Bc1 Rd8) 20. Qg4 {[%emt 0:00:07] [#] And now Bh6 would win. The position is equal.} Nxe3 21. fxe3 Rab8 22. Qe4 Qe2 23. Rfe1 Qd2 24. Red1 Qe2 25. Re1 Qd2 {[%emt 0:00:01] An even fight not without its subleties.   Weighted Error Value: White=0.05 (flawless) /Black=0.04 (flawless)} 1/2-1/2

[Event "Romanian Team Blitz Open 2022"]
[Site "Sebes"]
[Date "2022.12.04"]
[Round "5.3"]
[White "Stoleriu, George"]
[Black "Parligras, Mircea-Emilian"]
[Result "1/2-1/2"]
[ECO "C65"]
[WhiteElo "2389"]
[BlackElo "2567"]
[Annotator "TA"]
[PlyCount "91"]
[EventDate "2022.12.04"]
[EventType "blitz"]
[EventCountry "ROU"]
[SourceTitle "playchess.com"]
[Source "ChessBase"]
[SourceQuality "1"]
[TimeControl "180+2"]

1. e4 e5 2. Nf3 Nc6 3. Bb5 Nf6 4. d3 Bc5 5. O-O O-O 6. Bxc6 bxc6 {[%emt 0:00:14] Nowadays more popular than 6...dxc6. C65: Ruy Lopez: Berlin Defence (3...Nf6), unusual lines and 4 0-0 Bc5.} 7. Nxe5 Re8 8. Nf3 d5 {[%emt 0:00:01] White is better.} 9. e5 {[%emt 0:00:03] [#] aiming for d4.} Nd7 $1 10. d4 Be7 {[%emt 0:00:17] [#]} 11. Re1 $146 ({Predecessor:} 11. Nc3 Bb7 12. Ne2 c5 13. Re1 cxd4 14. Nexd4 Nf8 15. Nf5 c5 16. Bf4 Ne6 17. Bg3 {1-0 (29) Vergara,D-Sanchez,J ICCF email 2015}) 11... Nf8 12. Nc3 Bg4 13. Qd3 Ne6 14. Ne2 c5 15. c3 cxd4 16. Nfxd4 Qd7 {[%emt 0:00:12] Inhibits Nc6.} 17. Nxe6 fxe6 18. Ng3 Rf8 19. h3 Bf5 20. Nxf5 Rxf5 21. Qg3 (21. f4 {simplifies} Rff8 22. b3 c5 23. c4) 21... Bc5 22. Be3 Bxe3 23. Qxe3 Qb5 24. Qe2 Qb6 25. Rab1 Raf8 26. Rf1 c5 27. Qe3 d4 28. cxd4 (28. Qe2 {simplifies} Qb8 29. Rbe1 Rd8 30. cxd4 cxd4 31. f4) 28... cxd4 29. Qe4 (29. Qg3 {simplifies} Rd8 30. b3 Qa5 31. f4) 29... d3 30. Qxd3 {[%emt 0:00:02] next Qe2 is good for White.} Rxf2 31. Rxf2 Qxf2+ $11 {[%emt 0:00:03][%mdl 4096] Endgame KQR-KQR} 32. Kh1 h6 33. Qd6 Qf5 34. Rc1 Kh8 35. b4 {[%emt 0:00:10] White is more active.} Rf7 36. Rd1 (36. a4 $16) 36... Qc2 37. Qd8+ Kh7 38. Qd3+ Qxd3 39. Rxd3 {[%emt 0:00:02] KR-KR} Rf1+ (39... Rb7 $11) 40. Kh2 $16 Re1 {[%emt 0:00:09] [#]} 41. Rd7 (41. Rd6 $1 $16 ) 41... a5 $11 42. b5 ({White should try} 42. bxa5 $14 Rxe5 43. a6) 42... Rxe5 (42... Re2 $11) 43. a4 (43. b6 $16) 43... Re4 $1 {[%emt 0:00:01] The position is equal.} 44. Re7 Rxa4 45. Rxe6 Rb4 46. Rb6 {[%emt 0:00:04] Weighted Error Value: White=0.20 (precise) /Black=0.16 (very precise)} 1/2-1/2

[Event "Romanian Team Blitz Open 2022"]
[Site "Sebes"]
[Date "2022.12.04"]
[Round "5.4"]
[White "Gavrilescu, David"]
[Black "Zubcu, Vlad-George"]
[Result "1-0"]
[ECO "B40"]
[WhiteElo "2523"]
[BlackElo "2135"]
[Annotator "TA"]
[PlyCount "71"]
[EventDate "2022.12.04"]
[EventType "blitz"]
[EventCountry "ROU"]
[SourceTitle "playchess.com"]
[Source "ChessBase"]
[SourceQuality "1"]
[TimeControl "180+2"]

1. e4 c5 2. Nf3 e6 3. b3 a6 4. c4 b6 5. Bb2 Bb7 6. Nc3 {[%emt 0:00:01] B40: Sicilian: 2...e6, Unusual lines.} Nc6 7. d4 cxd4 8. Nxd4 {[%emt 0:00:01] [#] The position is equal.} Nxd4 $146 ({Predecessor:} 8... Bc5 9. Nxc6 Bxc6 10. Bd3 Qg5 11. O-O Ne7 12. Qc1 h6 13. Ne2 Qh4 14. Qf4 Qxf4 15. Nxf4 {0-1 (74) Duong,T (2230)-Rosen,E (2345) Montreal 2019}) 9. Qxd4 Nf6 10. Be2 Bc5 {[%emt 0:00:24] Against e5} 11. Qd3 Bb4 12. O-O O-O ({Better is} 12... Qc7 $14) 13. e5 $16 Bxc3 14. Bxc3 Ne4 15. Bb4 {[%emt 0:00:16] This pair of bishops is nice.} (15. Bd4 {simplifies} d5 16. b4 dxc4 17. Qe3) 15... Nc5 16. Qd4 {[%emt 0:00:07] White is more active.} Qg5 17. f3 Rad8 (17... f6 $142) 18. Rad1 f6 19. exf6 Rxf6 20. Bd2 Qf5 21. b4 e5 22. Qe3 Ne6 23. Bd3 Qh5 24. Qxb6 (24. Bc3 $1 $18 {has better winning chances.}) 24... Bc6 (24... Ba8 $16) 25. b5 $18 (25. Qxa6 $2 Ra8 26. Qb6 Nd4 $19) 25... axb5 26. cxb5 Bd5 27. Rde1 {[%emt 0:00:13] Hoping for Qd6.} Re8 28. Qd6 $2 (28. Qf2 $18) 28... Nf4 $11 29. Qxd7 {[%emt 0:00:21] Bxf4 is the strong threat. Chess con chili.} (29. Qc5 $5 d6 30. Qc3 $14) 29... Be6 $1 {[%emt 0:00:09][%mdl 64] Deflection} 30. Qc7 (30. Qd6 $11 Bh3 31. Bc4+ Kh8 32. Qxf6 $1 gxf6 33. Bxf4 (33. gxh3 $2 Qg6+ 34. Kf2 Qc2 $19)) 30... Nxd3 $19 31. Re3 Nf4 (31... Rc8 $19 32. Qd6 Bc4) 32. Rxe5 $11 Qh4 {[%emt 0:00:02] aiming for ...Rh6.} (32... Qh6 $5 33. Kh1 Rc8 $11) 33. Bxf4 (33. Re4 $11 Nh3+ 34. gxh3 Qxh3 35. Rf2) 33... Qxf4 $17 34. b6 {[%emt 0:00:01] [#]} (34. Qc3 $17 {was called for.}) 34... Qd4+ $1 $19 ({And not} 34... Rh6 35. h3 Rf8 36. b7 Bxh3 37. b8=R $11 (37. b8=Q Qd4+ 38. Rf2 Qa1+ 39. Rf1 Qd4+ 40. Rf2 Qa1+ 41. Rf1 Qd4+ $11)) ({Resist} 34... Rc8 35. Qd6 $18 (35. Re4 $2 Qxc7 36. bxc7 Rxc7 $19)) 35. Kh1 Qc4 $4 {[%emt 0:00:03][%mdl 8192] Inhibits b7.} (35... Rc8 $19 36. b7 Rxc7 37. b8=Q+ Rc8) 36. Qxc4 {[%emt 0:00:02] Weighted Error Value: White=0.41/Black=0.32} 1-0

[Event "Romanian Team Blitz Open 2022"]
[Site "Sebes"]
[Date "2022.12.04"]
[Round "5.5"]
[White "Miron, Lucian-Costin"]
[Black "Costachi, Mihnea"]
[Result "1/2-1/2"]
[ECO "D78"]
[WhiteElo "2510"]
[BlackElo "2476"]
[Annotator "TA"]
[PlyCount "39"]
[EventDate "2022.12.04"]
[EventType "blitz"]
[EventCountry "ROU"]
[SourceTitle "playchess.com"]
[Source "ChessBase"]
[SourceQuality "1"]
[TimeControl "180+2"]

1. Nf3 d5 2. g3 Nf6 3. Bg2 g6 4. O-O Bg7 5. d4 O-O 6. c4 c6 7. Nc3 $1 {[%emt 0:00:00][%mdl 4] 7.Nc3 is a critical line.} Ne4 8. Nxe4 {[%emt 0:00:00] D78: Fianchetto Grünfeld: 6 0-0 c6.} (8. Qb3 {is interesting.} dxc4 9. Qxc4 Bf5 10. Bf4) 8... dxe4 {[%emt 0:00:01] [#]} 9. Nd2 $146 (9. Ng5 $11) ({Predecessor:} 9. Ng5 Qxd4 10. Qxd4 Bxd4 11. Rd1 Bg7 12. Nxe4 Na6 13. a3 Be6 14. Bg5 Rfe8 15. Rac1 f5 {0-1 (64) Alexandrova,A (1842)-Zubova,M (2214) Nova Gorica 2022}) 9... Qxd4 $15 {[%emt 0:00:09] Threatens to win with ...f5.} 10. e3 {[%emt 0:00:00] Inhibits f5. Black is slightly better.} Qc5 11. Bxe4 Bh3 12. Re1 Rd8 13. Qc2 Nd7 14. Rb1 Nf6 (14... Qh5 $17 {And now ...Nc5 would win.} 15. Bf3 Bg4 16. Bxg4 Qxg4) 15. Bg2 $11 Qh5 16. Bxh3 Qxh3 17. Nf1 h5 18. b3 h4 19. Ba3 Rd7 20. Rbd1 {[%emt 0:00:00] Weighted Error Value: White=0.23 (precise) /Black=0.25 (precise)} 1/2-1/2

[Event "Romanian Team Blitz Open 2022"]
[Site "Sebes"]
[Date "2022.12.04"]
[Round "5.6"]
[White "Sfarlog, Tudor-Vlad"]
[Black "Secheres, Adrian-Simion"]
[Result "0-1"]
[ECO "E94"]
[WhiteElo "2283"]
[BlackElo "2365"]
[Annotator "TA"]
[PlyCount "79"]
[EventDate "2022.12.04"]
[EventType "blitz"]
[EventCountry "ROU"]
[SourceTitle "playchess.com"]
[Source "ChessBase"]
[SourceQuality "1"]
[TimeControl "180+2"]

1. Nf3 g6 2. c4 Bg7 3. Nc3 d6 4. e4 Nf6 5. d4 O-O 6. Be2 e5 7. O-O exd4 8. Nxd4 Re8 9. f3 c6 10. Nc2 Na6 11. Be3 d5 12. cxd5 cxd5 13. exd5 {[%emt 0:00:06] [#] E94: King's Indian: Classical: 6 Be2 e5 7 0-0: Various Black 7th moves.} Nb4 $1 14. Bd4 (14. Nxb4 Rxe3) 14... Nbxd5 15. Bb5 {[%emt 0:00:07] [#] aiming for Nxd5. The position is equal.} Bd7 $146 ({Predecessor:} 15... Nxc3 16. bxc3 Re6 17. Qb1 b6 18. Qb3 Qc7 19. Bc4 Rc6 20. Bb5 Be6 21. Qa3 Rc5 22. Bxc5 bxc5 {0-1 (43) Sadhwani,R (2619)-Dubov,D (2702) Chess.com INT 2022}) 16. Bc4 Be6 {[%emt 0:00:15] And now ...Nxc3 would win.} 17. Nxd5 Nxd5 18. Bxg7 Kxg7 19. Qd4+ Nf6 20. Bxe6 Rxe6 21. Rad1 Qxd4+ 22. Nxd4 Rb6 23. b3 Rc8 24. Kf2 h5 25. Rc1 {[%emt 0:00:01] [#]} (25. Rd2 $11) 25... Rd8 $1 $17 26. Ne2 (26. Rc4 $17 {might work better.}) 26... Rd2 $19 27. Rfd1 Rxa2 28. Ra1 Rxa1 ({Better is} 28... Rb2 $19 {White must now prevent ...Re6.} 29. Rdb1 R6xb3 30. Rxb2 Rxb2 31. Rxa7 Nd5) 29. Rxa1 {[%emt 0:00:00][%mdl 4096] Endgame KRN-KRN} a6 30. Nd4 Rb4 31. Rd1 Kf8 32. g3 Rb6 33. Ke3 Nd5+ 34. Kd3 Ne7 35. Kc4 Rd6 36. Re1 $2 {[%emt 0:00:13] This costs White the game.} (36. Rd2 $17 {keeps fighting.}) 36... b5+ 37. Kc3 Nd5+ 38. Kd3 $2 (38. Kb2) 38... Nb4+ 39. Kc3 {[%emt 0:00:01] [#]} Rxd4 40. Kxd4 {[%emt 0:00:12] Weighted Error Value: White=0.34/Black=0.06 (flawless)} (40. Ra1 Nc6) 0-1

[Event "Romanian Team Blitz Open 2022"]
[Site "Sebes"]
[Date "2022.12.04"]
[Round "5.7"]
[White "Nastore, Pavel-Alexandru"]
[Black "Ileana, George"]
[Result "1/2-1/2"]
[ECO "D78"]
[WhiteElo "2218"]
[BlackElo "2343"]
[Annotator "TA"]
[PlyCount "128"]
[EventDate "2022.12.04"]
[EventType "blitz"]
[EventCountry "ROU"]
[SourceTitle "playchess.com"]
[Source "ChessBase"]
[SourceQuality "1"]
[TimeControl "180+2"]

1. d4 d5 2. Nf3 Nf6 3. g3 g6 4. Bg2 Bg7 5. O-O O-O 6. c4 c6 7. Nc3 a6 {[%emt 0:00:04] D78: Fianchetto Grünfeld: 6 0-0 c6.} (7... dxc4 $11 8. e4 b5) 8. cxd5 $1 {[%emt 0:00:03][%mdl 4] is more profitable than 8.Ne5 at the moment.} cxd5 9. Ne5 Nc6 {[%emt 0:00:14][%cal Of6e4] White has an edge.} 10. a3 e6 {[%emt 0:00:10] [#]} 11. Nxc6 $146 ({Predecessor:} 11. Bg5 Qb6 12. Nxc6 bxc6 13. Na4 Qa7 14. Bxf6 Bxf6 15. e3 a5 16. Qc2 Ba6 17. Rfc1 {1-0 (57) Kirk,M (1732)-Colsen,M (1628) Vale 2018}) 11... bxc6 12. Na4 a5 13. Bf4 Nd7 14. Rc1 e5 (14... Nb6 $11 {remains equal.}) 15. dxe5 $16 Nxe5 16. Bxe5 Bxe5 17. Rxc6 (17. f4 Bxb2 18. Nxb2 Qb6+ 19. Rf2 Qxb2 $15) 17... Be6 18. Nc5 Re8 19. Nxe6 {[%emt 0:00:03] White is more active.} fxe6 20. Qd2 Rb8 {[%emt 0:00:06] [#]} 21. b4 $1 axb4 22. axb4 Qd7 23. Rfc1 Rec8 (23... Kh8 $16 24. Bh3 d4) 24. b5 $18 {[%emt 0:00:09] And now Bh3 would win.} Rxc6 25. bxc6 Qe7 26. Qe3 Bd6 {[%emt 0:00:04] [#]} 27. Bh3 $1 Kf7 28. Qh6 Kg8 {[%emt 0:00:06] Inhibits c7.} 29. Qh4 (29. c7 $6 Rc8) 29... Qf7 30. Qg4 Re8 31. Qd4 Bc7 (31... Re7 $142 32. e4 Qg7 33. Bxe6+ Rxe6 34. Qxd5 (34. Qxg7+ Kxg7 35. c7 Bxc7 $18) 34... Qe5) 32. e4 (32. Rb1 $142) 32... dxe4 33. Qxe4 e5 34. Bd7 Rb8 35. Qg4 {[%emt 0:00:02] Hoping for Be6.} Kg7 36. Qc4 (36. Be6 $18 {and White stays clearly on top.} Qf6 37. Bd5) 36... Qxc4 37. Rxc4 $16 {[%emt 0:00:00][%mdl 4096] Endgame KRB-KRB} Rb2 38. Kg2 Bb6 $2 {[%emt 0:00:03][%mdl 8192] White now steadily converts the win.} ({Black should try} 38... Kf6 $14) 39. c7 $18 Rxf2+ 40. Kh3 Bxc7 41. Rxc7 {[%emt 0:00:01] KRB-KR} Rf7 42. Rb7 Kh6 43. Bc6 Rf2 44. Be4 Re2 45. Rb4 Kg5 46. Bf3 Re3 47. Be4 Re2 $1 48. Bd3 Rd2 49. Bb1 Kf6 50. Rb6+ Kg5 51. Rb7 Rd1 52. Bc2 Rd2 53. Be4 Rd4 54. Bg2 h5 55. Rb2 h4 56. Re2 hxg3 57. hxg3 ({Stronger than} 57. Rxe5+ Kf4 58. Re6 (58. hxg3+ $2 {perishes.} Kxe5 59. Bb7 Rb4 $19) (58. Rd5 Rxd5 59. Bxd5 gxh2 $11) 58... Kf5 $11) 57... Kf6 58. Be4 Rb4 59. Kg2 Rb3 60. Rf2+ Kg5 {[%emt 0:00:01] White is winning.} 61. Rf8 Re3 62. Bf3 e4 63. Bd1 Rd3 64. Be2 Rd2 {[%emt 0:00:02][%mdl 32768] Weighted Error Value: White=0.24 (precise) /Black=0.30. An unexpected result.} 1/2-1/2

[Event "Romanian Team Blitz Open 2022"]
[Site "Sebes"]
[Date "2022.12.04"]
[Round "5.8"]
[White "Negrean, Andrei"]
[Black "Ciorgovean, Iustin"]
[Result "1/2-1/2"]
[ECO "E60"]
[WhiteElo "1991"]
[BlackElo "2319"]
[Annotator "TA"]
[PlyCount "125"]
[EventDate "2022.12.04"]
[EventType "blitz"]
[EventCountry "ROU"]
[SourceTitle "playchess.com"]
[Source "ChessBase"]
[SourceQuality "1"]
[TimeControl "180+2"]

1. d4 Nf6 2. Nf3 g6 3. g3 c5 4. c4 Bg7 5. Bg2 Qa5+ 6. Nc3 Ne4 7. Bd2 (7. Qd3 $5 cxd4 8. Nxd4 $14) 7... Nxd2 {[%emt 0:00:02] E60: King's Indian: Unusual lines and Fianchetto Variation without Nc3.} 8. Qxd2 cxd4 9. Nxd4 Nc6 10. e3 O-O 11. O-O Qc5 {[%emt 0:00:37] [#]} 12. Nxc6 $146 (12. Nd5 $14 {stays ahead.}) ({Predecessor:} 12. Nd5 a5 13. Rfd1 Rb8 14. Rac1 e6 15. Nb3 Qa7 16. Nc3 a4 17. Nd4 Nxd4 18. exd4 {½-½ (52) Podgaets,M (2450)-Odeev,H (2315) Odessa 1991}) 12... dxc6 $17 13. Rac1 Be6 14. b3 Rfd8 15. Qc2 Qa5 16. h4 Bxc3 17. Qxc3 Qxa2 (17... Qxc3 $15 18. Rxc3 Rd2) 18. Rfd1 (18. Qb4 $1 $11) 18... Qe2 19. Rd4 Rxd4 (19... c5 $17 20. Rxd8+ Rxd8) 20. Qxd4 (20. exd4 $5 Qg4 21. Qb4 $11) 20... Qg4 21. Qd2 (21. Qc5 $11) 21... Qf5 (21... Re8 $15) 22. e4 (22. Qb4 $11 {was the only way to keep the balance.}) 22... Qe5 23. f4 Qc5+ 24. Qf2 Qxf2+ 25. Kxf2 {[%emt 0:00:01][%mdl 4096] Endgame KRB-KRB} Rd8 {[%emt 0:00:01] And now ...Rd2+ would win.} 26. Ke3 {[%emt 0:00:02] Prevents Rd2.} f6 27. Bf3 Kf7 28. g4 a6 29. g5 f5 30. e5 Kg7 31. Rh1 h6 (31... c5 $15 {feels stronger.}) 32. Rd1 ({White should play} 32. gxh6+ $11 Kxh6 33. h5) 32... Rxd1 $15 33. Bxd1 {[%emt 0:00:00] KB-KB} c5 34. Bf3 b6 ({Black should try} 34... b5 $17 35. Kd3 bxc4+ 36. bxc4 Bd7) 35. Kd3 hxg5 (35... Bd7 $17) 36. hxg5 $11 Kf7 37. Kc3 (37. Bc6 $11) 37... a5 (37... Ke8 $1 $15) 38. Bc6 Bc8 39. Kd3 e6 40. Ke3 Ke7 41. Kd3 $1 Bd7 42. Bb5 Kd8 43. Ke3 Kc7 44. Kd3 Bc6 45. Kc3 Kb7 46. Kd3 Kc7 47. Kc3 Bd7 48. Kd3 Kd8 49. Kc3 Bc8 50. Kd3 Bb7 51. Kc3 Be4 52. Ba4 Bb7 (52... Ke7 $11) 53. Bb5 $15 Bc8 (53... Ke7 $15) 54. Kd3 $11 {[%emt 0:00:01] The position is equal.} Bd7 55. Kc3 Kc7 56. Kd3 Bc6 57. Kc3 Kb7 58. Kd3 Bxb5 59. cxb5 Kc7 60. Kc4 Kb7 61. Kc3 Kc7 62. Kc4 Kb7 63. Kc3 {[%emt 0:00:02] Weighted Error Value: White=0.26 (precise) /Black=0.19 (very precise)} 1/2-1/2

[Event "Romanian Team Blitz Open 2022"]
[Site "Sebes"]
[Date "2022.12.04"]
[Round "5.9"]
[White "Nastase, Robert-Paul"]
[Black "Patrascu, Catalin-Lucian"]
[Result "1-0"]
[ECO "B44"]
[WhiteElo "2229"]
[BlackElo "2279"]
[Annotator "TA"]
[PlyCount "113"]
[EventDate "2022.12.04"]
[EventType "blitz"]
[EventCountry "ROU"]
[SourceTitle "playchess.com"]
[Source "ChessBase"]
[SourceQuality "1"]
[TimeControl "180+2"]

1. e4 c5 2. Nf3 e6 3. d4 cxd4 4. Nxd4 Nc6 5. Nb5 d6 6. c4 a6 7. N5c3 Nf6 8. g3 {[%emt 0:00:01] B44: Sicilian: Taimanov: 5 Nb5.} Be7 9. Bg2 O-O 10. O-O Bd7 {[%emt 0:00:08] [#]} 11. Be3 $146 ({Predecessor:} 11. Na3 Rc8 12. Bf4 Ne5 13. Qe2 Ng6 14. Bd2 Re8 15. Rac1 Qc7 16. Be3 Qb8 17. Rfd1 {½-½ (37) Del Rio de Angelis,S (2480)-De la Riva Aguado,O (2549) Burgos 2003}) 11... Qc7 (11... Ne5 $5 ) 12. Qe2 Rac8 13. Nd2 Ne5 14. Rac1 Neg4 15. Bd4 e5 16. Be3 Nxe3 17. Qxe3 Be6 18. h3 ({Better is} 18. Rfd1 $11) 18... Qb8 (18... Bxc4 $2 19. Nd5 Nxd5 20. exd5 $18) ({Black should play} 18... Qd7 $1 $15) 19. Kh2 (19. Nd5 $11 Bxd5 20. cxd5) 19... b5 20. Nd5 Bxd5 21. cxd5 Nd7 22. h4 Rxc1 23. Rxc1 Rc8 24. Rxc8+ Qxc8 25. Bh3 {[%emt 0:00:01] Threatens to win with Qa7.} Qc7 {[%emt 0:00:06] Prevents Qa7.} 26. Bxd7 Qxd7 $14 {[%emt 0:00:01][%mdl 4096] Endgame KQB-KQN} 27. Qb6 $1 {[%emt 0:00:09] Against Qc7} Qc8 (27... g5 $142) 28. Nb3 {[%emt 0:00:10] White is more active.} (28. Qc6 $16 Qg4 29. f3 (29. Qxa6 Qe2 $17)) 28... h5 29. Na5 Qc2 30. Nc6 (30. Qxa6 $2 Qxf2+ 31. Kh3 Qg1 32. Qc8+ Bd8 $1 $19 ) 30... Bf6 31. Qb8+ (31. Qxa6 $2 Qxf2+ 32. Kh3 Qf1+ 33. Kh2 Qe2+ 34. Kg1 Qe3+ 35. Kh2 Qe2+ 36. Kg1 Qxe4 $19) (31. Nb8 $11 {remains equal.}) 31... Kh7 $17 32. Qa7 (32. Kg1 $17) 32... Qxe4 (32... Qxb2 $19 33. Qxf7 Qxf2+ 34. Kh1 Qf3+ 35. Kh2 Qf2+ 36. Kh1 Qe2) 33. Qxf7 Qf3 34. Kg1 e4 {[%emt 0:00:01] ...e3 is the strong threat.} 35. Qe6 {[%emt 0:00:02] Against e3} Qd1+ 36. Kh2 Qf3 (36... Bxb2 {is a self mate.} 37. Ne7 (37. Qxe4+ g6 $16) (37. Qxe4+ g6 $16)) 37. Kg1 Bxb2 $2 {[%emt 0:00:02][%mdl 8192] [#]} (37... a5 $17) 38. Kf1 $4 (38. Ne7 $1 {was the only winning move.} Qd1+ 39. Kh2 Qxd5 40. Qxd5 Kh6 41. Qg5+ Kh7 42. Qxh5#) 38... Qd1+ $2 (38... Bc3 $19 39. Kg1 Be1) 39. Kg2 $11 {[%emt 0:00:06] White threatens Ne7 and mate.} Qf3+ $2 (39... Qg4 $11) 40. Kf1 $1 $19 Bf6 $2 (40... Bc3 41. Kg1 Be1) 41. Ke1 $2 (41. Kg1 $19) 41... Bc3+ 42. Kf1 b4 43. Qe8 Bf6 (43... Qh1+ $142 44. Ke2 Qe1#) 44. Qe6 e3 $2 (44... b3 $19 {and Black stays clearly on top. ( -> ...b2)} 45. axb3 Bc3) 45. Qxe3 $17 Qxd5 (45... Qd1+ $17 46. Kg2 Qxd5+ 47. Qf3 Qxf3+ 48. Kxf3 Bc3) 46. Nxb4 $11 Qb5+ 47. Qd3+ Qxd3+ $1 48. Nxd3 {[%emt 0:00:00] KB-KN} Kg6 49. Ke2 Kf5 50. Ke3 Bd8 51. Nb4 Bb6+ 52. Ke2 a5 53. Nd5 Bc5 54. Nc3 (54. f3 $11) 54... Ke5 $1 $15 55. f4+ (55. Kf3 $15) 55... Kd4 $19 56. Nd1 (56. Nb5+ {was forced.} Kc4 57. Nc7) 56... Ke4 $2 (56... Kc4 $19 {And now ...Bd4 would win.} 57. f5 d5 58. Nb2+ Kd4) 57. Nc3+ $1 {[%emt 0:00:02][%mdl 32768] Weighted Error Value: White=0.75/Black=0.87. Loss on time!?} 1-0

[Event "Romanian Team Blitz Open 2022"]
[Site "Sebes"]
[Date "2022.12.04"]
[Round "5.10"]
[White "Creanga, Robert-Ionut"]
[Black "Daianu, Cristian-Clement"]
[Result "1-0"]
[ECO "D87"]
[WhiteElo "2190"]
[BlackElo "2189"]
[Annotator "TA"]
[PlyCount "93"]
[EventDate "2022.12.04"]
[EventType "blitz"]
[EventCountry "ROU"]
[SourceTitle "playchess.com"]
[Source "ChessBase"]
[SourceQuality "1"]
[TimeControl "180+2"]

1. d4 Nf6 2. c4 g6 3. Nc3 d5 4. cxd5 Nxd5 5. e4 Nxc3 6. bxc3 Bg7 7. Bc4 c5 8. Ne2 O-O 9. O-O Nc6 10. dxc5 {[%emt 0:00:28] D87: Exchange Grünfeld: Classical Line: Variations without ...cxd4.} Qa5 11. Be3 Ne5 {[%emt 0:00:39] Against f4} 12. Bb3 {[%emt 0:00:10] The position is equal.} Rd8 {[%emt 0:00:02] Inhibits f4.} 13. Qc2 {[%emt 0:00:19] [#]} Bd7 $146 (13... Ng4 $5 ) ({Predecessor:} 13... Ng4 14. Qc1 Bd7 15. Bd4 e5 16. Be3 Bb5 17. c4 Nxe3 18. Qxe3 Ba6 19. Nc3 Rac8 {1-0 (35) Schneider,A (2056)-Luberanski,J (1444) Marianske Lazne 2017}) 14. Rfd1 (14. Bd4 $11) 14... Bc6 (14... Ng4 $1 $15) 15. f3 (15. Rxd8+ $14 Rxd8 16. Nd4) 15... Nd7 $11 16. Bd5 Nxc5 (16... Ba4 $5 17. Bb3 Nxc5 $11) 17. Bxc6 bxc6 18. Nd4 Qa6 19. Rab1 Rd7 20. Nb3 Rxd1+ 21. Rxd1 Ne6 22. c4 Rc8 23. Rd7 Qa3 24. Rxa7 $2 {[%emt 0:00:01][%mdl 8192] [#]} (24. Bxa7 c5 25. Qf2 (25. Rxe7 $2 {is the wrong capture.} Nd4 $19) 25... Bf6 $17) (24. Qd2 $11 {and White stays safe.}) 24... Qb4 $2 ({Better is} 24... Nd4 $1 $19 25. Rxa3 Nxc2) 25. Rd7 (25. Bf2 $11) 25... Bf6 $2 (25... Qe1# {mates}) 26. Rd1 Ra8 27. g3 Qa3 28. Rd2 $36 {[%emt 0:00:01][%mdl 2048] White is more active.} c5 29. Kg2 Kg7 30. f4 {[%emt 0:00:02] And now e5 would win.} Bd4 {[%emt 0:00:03] Inhibits e5.} 31. Bxd4+ cxd4 32. Nxd4 Nxd4 33. Rxd4 $14 {[%emt 0:00:00][%mdl 4096] Endgame KQR-KQR} Rb8 ({Black should try} 33... Qxa2 $14 34. Rd2 Qa3) 34. Rd2 $16 Qc5 35. Qc3+ (35. Qd3 $142) 35... f6 36. Re2 (36. h3 {is more complex.} Rb1 37. Qd4 Qc6 38. Qd5) 36... Rb4 {[%emt 0:00:01] [#]} 37. e5 (37. Rc2 $1 $16) 37... Rxc4 $11 38. exf6+ (38. Qb3 {seems wilder.} Kh6 39. Qd3 Rc1 40. Qf3) 38... exf6 39. Qf3 Rc3 40. Qb7+ Kh6 41. Qe7 Qd5+ 42. Qe4 Qd1 43. g4 Rc5 (43... Rc1 {is a self mate.} 44. g5+ fxg5 45. fxg5+ Kxg5 46. Qe7+ Kh6 47. Qh4+ Kg7 48. Re7+ Kg8 49. Qxh7+ Kf8 50. Qg7#) 44. h4 {[%emt 0:00:01] Intending g5+ and mate.} Rc7 $2 (44... Rc3 $11) 45. g5+ {[%emt 0:00:02] White mates.} fxg5 46. fxg5+ Kh5 47. Qf3+ {[%emt 0:00:02] What a bad dream for Black.   Weighted Error Value: White=0.46/Black=0.55} 1-0